 Dungeon Crawl Stone Soup version 0.31-a0-543-geaa9c7a2c0 (webtiles) character file.

Game seed: 14464964441943588475

719 Ethylacetat the Ducker (level 7, -4/50 HPs)
             Began as an Octopode Gladiator on Aug 15, 2023.
             Slain by a wight
             ... wielding a +0 long sword
              (9 damage)
             ... on level 5 of the Dungeon.
             The game lasted 00:04:31 (3064 turns).

Ethylacetat the Ducker (Octopode Gladiator)         Turns: 3064, Time: 00:04:31

Health: -4/50      AC:  5    Str: 13    XL:     7   Next: 70%
Magic:  7/7        EV: 20    Int: 15    God:
Gold:   224        SH:  0    Dex: 15    Spells: 6/6 levels left

rFire   . . .        g - +2 sling (flame)
rCold   . . .        (no shield)
rNeg    . . .        a - +0 hat
rPois   +            (no amulet)
rElec   .            e - ring of resist corrosion
rCorr   +            k - +4 ring of protection
SInv    .            l - ring "Rionet" {Drain EV+5 Int+4}
Will    .....        u - ring of poison resistance
Stlth   ++           (no ring)
HPRegen 0.28/turn    (no ring)
MPRegen 0.10/turn    (no ring)
                     (no ring)

%: no passive effects
@: no status effects
A: almost no armour, amphibious, 8 rings, camouflage 1, gelatinous body 1,
(nimble swimmer 1), tentacles
a: no special abilities


You were on level 5 of the Dungeon.
You visited 1 branch of the dungeon, and saw 5 of its levels.

You collected 224 gold pieces.

Inventory:

Hand Weapons
 g - a +2 sling of flaming (weapon)
Missiles
 b - 3 throwing nets
 c - a javelin
Armour
 a - a +0 hat (worn)
Jewellery
 e - a ring of resist corrosion (left tentacle)
 k - a +4 ring of protection (right tentacle)
 l - the ring "Rionet" (on tentacle) {Drain EV+5 Int+4}
   (You found it on level 2 of the Dungeon)

   [ring of evasion]

   EV+5:      It affects your evasion (+5).
   Int+4:     It affects your intelligence (+4).
   Drain:     It drains your maximum health when unequipped.
 u - a ring of poison resistance (on tentacle)
Wands
 o - a wand of polymorph (2)
 q - a wand of flame (28)
 v - a wand of acid (10)
Scrolls
 d - a scroll of poison {unknown}
 h - 2 scrolls of teleportation {unknown}
 j - a scroll of blinking {unknown}
 m - a scroll of brand weapon {unknown}
 n - 2 scrolls of amnesia {unknown}
 p - a scroll of identify {unknown}
 s - a scroll of acquirement {unknown}
 t - a scroll of butterflies {unknown}
 w - 3 scrolls of revelation {unknown}
 y - a scroll of noise {unknown}
Potions
 f - a potion of enlightenment
 i - a potion of magic {unknown}
 r - a potion of mutation {unknown}
 x - a potion of resistance {unknown}


   Skills:
 + Level 5.1 Fighting
 + Level 4.2 Ranged Weapons
 - Level 2.0 Throwing
 + Level 5.5 Dodging
 - Level 3.3 Unarmed Combat


You had 6 spell levels left.
You didn't know any spells.
Your spell library contained the following spells:

 Spells                   Type           Power      Damage    Failure   Level
 Cigotuvi's Dreadful Rot  Necr/Pois/Air  0%         N/A       38%         2
 Ignite Poison            Fire/Tmut/Pois 0%         N/A       63%         3
 Ozocubu's Armour         Ice            0%         N/A       63%         3
 Freezing Cloud           Conj/Ice/Air   0%         6-21      100%        5
 Metabolic Englaciation   Hex/Ice        0%         N/A       100%        5
 Simulacrum               Ice/Necr       0%         N/A       100%        6


Dungeon Overview and Level Annotations

Branches:
Dungeon (5/15)
 Temple: D:4-7

Altars:
Qazlal
The Shining One

Annotations:
D:5 Grinder


Innate Abilities, Weirdness & Mutations

You cannot wear most types of armour.
You are amphibious.
You can wear up to eight rings at the same time.
Your skin changes colour to match your surroundings (Stealth+).
Your rubbery body absorbs attacks. (AC +1, EV +1)
((You are camouflaged when in or above water. (Stealth+)))
You have tentacles for arms and can constrict up to eight enemies at once.


Message History

Aim: a wight, wielding a +3 mace and wearing a +0 robe (severely damaged, 63% to hit)
You shoot a sling bullet.
The sling bullet barely misses the wight.
The sling bullet closely misses the wight.
The wight closely misses you.
Fire: g) +2 sling (flame)
Press: ? - help, Q - select action, (/) - cycle Shift-Dir - straight line, f/p - wight
Aim: a wight, wielding a +3 mace and wearing a +0 robe (severely damaged, 63% to hit)
You shoot a sling bullet. The sling bullet hits the wight.
The sling bullet burns the wight.
You destroy the wight!
Your life force feels restored.
Fire: g) +2 sling (flame)
Press: ? - help, Q - select action, (/) - cycle Shift-Dir - straight line, f - wight
Aim: a wight, wielding a +0 long sword and wearing a +0 robe (63% to hit)
You shoot a sling bullet.
The sling bullet hits the wight but does no damage.
The wight completely misses you. The wight hits you but does no damage.
Fire: g) +2 sling (flame)
Press: ? - help, Q - select action, (/) - cycle Shift-Dir - straight line, f/p - wight
Aim: a wight, wielding a +0 long sword and wearing a +0 robe (63% to hit)
You shoot a sling bullet. The sling bullet hits the wight.
The sling bullet burns the wight.
The wight is lightly damaged.
The wight barely misses you.
Fire: g) +2 sling (flame)
Press: ? - help, Q - select action, (/) - cycle Shift-Dir - straight line, f/p - wight
Aim: a wight, wielding a +0 long sword and wearing a +0 robe (lightly damaged, 63% to hit)
You shoot a sling bullet.
The sling bullet hits the wight but does no damage.
The wight is lightly damaged.
The wight hits you but does no damage.
Fire: g) +2 sling (flame)
Press: ? - help, Q - select action, (/) - cycle Shift-Dir - straight line, f/p - wight
Aim: a wight, wielding a +0 long sword and wearing a +0 robe (lightly damaged, 63% to hit)
You shoot a sling bullet. The sling bullet hits the wight.
The sling bullet burns the wight.
The wight is moderately damaged.
The wight hits you with a +0 long sword!
You die...

## ########### ..
...##.....# .# (..##.....#
.# ...##.....#
#######.###.#.
...##.....####..@z.........
...##..........###...#>....
...##.....###### #.........
...##.....# #.........
...####.### .. ....##.##
.######.###.... ...... ...
............... ####.#. ###
.#####.......#. .... .#
#.......# #####


You could see a wight.

Vanquished Creatures
  A hornet (D:4)
  2 scorpions (D:4)
  2 wights (D:5)
  2 hounds
  Terence (D:3)
  An iguana (D:4)
  Natasha (thrice) (D:2)
  6 adders
  A dart slug (D:1)
  4 orcs (D:4)
  5 endoplasms
  3 giant cockroaches
  A goblin (D:1)
  5 hobgoblins
  11 jackals
  3 quokkas
  6 ball pythons
  2 bats (D:3)
  2 frilled lizards (D:1)
  4 kobolds
65 creatures vanquished.

Notes
Turn   | Place    | Note
-------+----------+-------------------------------------------
     0 | D:1      | Ethylacetat the Octopode Gladiator began the quest for the
                  | Orb.
     0 | D:1      | Reached XP level 1. HP: 14/14 MP: 1/1
    83 | D:1      | Reached XP level 2. HP: 13/19 MP: 2/2
   645 | D:2      | Reached XP level 3. HP: 17/25 MP: 3/3
   695 | D:2      | Found a stormy altar of Qazlal.
   715 | D:2      | You fall into a shaft and drop 2 floors!
   973 | D:2      | Noticed Natasha
   976 | D:2      | Killed Natasha
   977 | D:2      | Reached skill level 1 in Ranged Weapons
   977 | D:2      | Reached XP level 4. HP: 31/31 MP: 4/4
   989 | D:2      | Noticed Natasha
   991 | D:2      | Killed Natasha
  1146 | D:2      | Identified the ring "Rionet" {Drain EV+5 Int+4}
  1194 | D:2      | Noticed Natasha
  1200 | D:2      | Killed Natasha
  1201 | D:2      | Reached XP level 5. HP: 33/36 MP: 5/5
  1387 | D:3      | Noticed Terence
  1406 | D:3      | Killed Terence
  2172 | D:4      | Noticed a hornet
  2191 | D:4      | Killed a hornet
  2192 | D:4      | Reached XP level 6. HP: 21/44 MP: 6/6
  2397 | D:4      | Reached skill level 5 in Dodging
  2397 | D:4      | Reached XP level 7. HP: 40/49 MP: 7/7
  2822 | D:4      | Found a glowing golden altar of the Shining One.
  2946 | D:5      | Entered Level 5 of the Dungeon
  2946 | D:5      | Noticed Grinder
  2950 | D:5      | Paralysed by Grinder for 4 turns
  3058 | D:5      | Reached skill level 5 in Fighting
  3064 | D:5      | Slain by a wight

Illustrated notes

Levels and vault maps discovered:
D:1:      mrwooster_arrival_arrow, layout_rooms
D:2:      layout_loops_ring, basic_altar, uniq_natasha
D:3:      layout_loops_ring, uniq_terence
D:4:      layout_gridville, nicolae_tso_swordbearing_angel,
          kennysheep_flooded_box
D:5:      layout_basic, mainiacjoe_overflow_paths, trog_three_pillars_becter,
          uniq_grinder

Skill      XL: |  1  2  3  4  5  6  7 |
---------------+----------------------+-----
Fighting       | 3 4 5 |  5.1
Ranged Weapons | 1 3 4 |  4.2
Dodging        | 4 5 |  5.5
Throwing       | |  2.0
Unarmed Combat | |  3.3

Action                     |  1- 3 |  4- 6 |  7- 9 || total
---------------------------+-------+-------+-------++-------
  Melee: Unarmed           |    30 |    24 |       ||    54
         Constrict         |    10 |     1 |       ||    11
         Tentacles         |     6 |     2 |       ||     8
         Punch             |     2 |     1 |       ||     3
   Fire: Sling             |    40 |    63 |    64 ||   167
    Use: Potion            |       |     4 |       ||     4
   Stab: Sleeping          |     3 |       |       ||     3
 Armour: Skin              |     3 |     8 |     7 ||    18
  Dodge: Dodged            |    34 |    38 |    31 ||   103

Table legend: (Time is in decaauts)
 A = Elapsed time spent in this place.
 B = Non-inter-level travel time spent in this place.
 C = Inter-level travel time spent in this place.
 D = Time resting spent in this place.
 E = Time spent auto-exploring this place.
 F = Levels seen in this place.
 G = Mean time per level.
                   A        B        C        D        E       F      G
               +--------+--------+--------+--------+--------+-----+--------+
         Total |   3089 |   2966 |    123 |      0 |   2513 |   5 |  617.8 |
       Dungeon |   3089 |   2966 |    123 |      0 |   2513 |   5 |  617.8 |
               +--------+--------+--------+--------+--------+-----+--------+

Top non-repeatable levels by time:
     D:4: 1073 daAuts
     D:3: 652 daAuts
     D:1: 627 daAuts
     D:2: 626 daAuts
     D:5: 109 daAuts
